 Dungeon Crawl Stone Soup version 0.32-a0-607-g64ea0e4219 (webtiles) character file.

Game seed: 4934406468134540991

71 ezpacito the Chopper (level 4, -3/35 HPs)
             Began as a Coglin Chaos Knight on Mar 3, 2024.
             Was a Plaything of Xom.
             Slain by a gnoll
             ... wielding a +0 flail
              (5 damage)
             ... on level 3 of the Dungeon.
             The game lasted 00:02:47 (1792 turns).

ezpacito the Chopper (Coglin Chaos Knight)          Turns: 1792, Time: 00:02:47

Health: -3/35      AC:  6    Str: 15    XL:     4   Next: 24%
Magic:  4/4        EV:  9    Int: 11    God:    Xom [*.....]
Gold:   141        SH:  4    Dex: 13    Spells: 3/3 levels left

rFire   . . .        a - +0 hand axe (chaos) {Anneliese}
rCold   + . .        d - +0 dagger {Chidori}
rNeg    . . .        k - +0 scale mail
rPois   .            (helmet restricted)
rElec   .            (no cloak)
rCorr   .            (no gloves)
SInv    .            (no boots)
Will    .....        (amulet unavailable) Stlth
                     (ring unavailable)
HPRegen 0.25/turn    (ring unavailable)
MPRegen 0.09/turn    (no gizmo)

%: no passive effects
@: revving
A: off-hand wielding, slow wielding, warmup strikes, no jewellery, horns 1,
large bone plates 1, cold resistance 1
a: Invent Gizmo, Renounce Religion


You were on level 3 of the Dungeon.
You worshipped Xom.
You were a special plaything of Xom.
You visited 1 branch of the dungeon, and saw 3 of its levels.

You collected 141 gold pieces.

Inventory:

Hand Weapons
 a - a +0 hand axe of chaos (weapon) {Anneliese}
 d - a +0 dagger (offhand) {Chidori}
Missiles
 e - 5 poisoned darts
Armour
 k - a +0 scale mail (worn)
Talismans
 h - a blade talisman
 n - a flux talisman
Scrolls
 j - a scroll of noise
Potions
 c - a potion of attraction {unknown}
 i - a potion of ambrosia {unknown}
 m - a potion of mutation {unknown}
Miscellaneous
 g - a phial of floods


   Skills:
 * Level 3.2 Fighting
 * Level 3.3(3.4) Axes
 + Level 0.7(2.0) Polearms
 * Level 2.1 Armour
 * Level 1.5 Dodging
 + Level 1.0 Stealth
 + Level 0.6 Unarmed Combat
 + Level 0.4 Spellcasting
 + Level 0.9 Evocations


You had 3 spell levels left.
You didn't know any spells.
Your spell library was empty.

Dungeon Overview and Level Annotations

Branches:
Dungeon (3/15)

Altars:


Innate Abilities, Weirdness & Mutations

You can wield a second weapon in your off-hand.
It takes a long time for you to wield or remove held weapons.
Your first few attacks do less damage.
You cannot equip rings or amulets.
You have a pair of small horns on your head.
You are partially covered in large bone plates. (SH +4)
Your flesh is cold resistant. (rC+)


Message History

A gnoll comes into view. It is wielding a +0 spear.
The gnoll shouts!
The gnoll barely misses you.
You hit the gnoll but do no damage.
You hit the gnoll with your +0 hand axe of chaos.
The gnoll is poisoned.
The gnoll hits the plant with a +0 spear.
The plant begins to die.
The gnoll barely misses you.
A hobgoblin comes into view.
The gnoll hits the plant with a +0 spear!
The plant begins to die.
The gnoll closely misses you. The gnoll barely misses you.
The gnoll hits the plant with a +0 whip.
The plant begins to die.
The gnoll hits the plant with a +0 spear.
The frilled lizard completely misses you.
The gnoll hits you with a +0 flail!
You take 10 damage, and have 25/35 hp.
MASSIVE DAMAGE!!
You closely miss the gnoll with your +0 dagger.
You hit the gnoll with your +0 hand axe of chaos.
You burn the gnoll. You hit the gnoll but do no damage.
The gnoll seems to grow stronger.
You hit the plant but do no damage.
You hit the plant with your +0 hand axe of chaos.
The plant begins to die.
The plant convulses.
You hit the gnoll but do no damage.
You hit the frilled lizard with your +0 hand axe of chaos.
The frilled lizard is poisoned.
A nearby plant withers and dies.
You kill the frilled lizard!
The gnoll hits you with a +0 flail! The gnoll hits you with a +0 spear.
The gnoll hits you with a +0 whip.
You take 14 damage, and have 11/35 hp.
MASSIVE DAMAGE!!
The gnoll hits you but does no damage.
The gnoll hits you from afar with a +0 spear.
* * * LOW HITPOINT WARNING * * *
The gnoll hits you from afar with a +0 spear.
* * * LOW HITPOINT WARNING * * *
You take 9 damage, and have 2/35 hp.
MASSIVE DAMAGE!!
The gnoll hits you with a +0 flail.
You die...
Xom giggles madly!

.#. .# ...#. #.# .# ...#.
#.# .# #
.....#####.##.##.#
.................
..P.PPP.......#
.PP.P..P.#....#
.PP.gP.Pg@....#
...P.Pgg.##...# ########
.PP....P.##...# #.......
.PPP..gP.##...#####.######
?..P...P.#.......##.#
#.......##....##.##.#
.........<.......##.#
##########..........# ###
#.#####.#####....


You could see 4 gnolls and a hobgoblin.

Vanquished Creatures
  A gnoll (D:1)
  An adder (D:2)
  2 dart slugs (D:1)
  A ribbon worm (D:2)
  5 endoplasms
  A giant cockroach (D:1)
  A goblin (D:2)
  3 hobgoblins
  6 jackals (D:1)
  3 quokkas (D:1)
  3 ball pythons (D:1)
  3 bats (D:1)
  4 frilled lizards
  6 kobolds
  4 rats
44 creatures vanquished.

Notes
Turn   | Place    | Note
-------+----------+-------------------------------------------
     0 | D:1      | ezpacito the Coglin Chaos Knight began the quest for the
                  | Orb.
     0 | D:1      | Reached XP level 1. HP: 18/18 MP: 1/1
    36 | D:1      | Reached skill level 1 in Dodging
    49 | D:1      | XOM: potion effect (attraction)
   270 | D:1      | Reached XP level 2. HP: 10/24 MP: 2/2
   282 | D:1      | XOM: give mutations
   282 | D:1      | Gained mutation: Your flesh is cold resistant. (rC+) [Xom's
                  | grace]
   282 | D:1      | Gained mutation: You have a pair of small horns on your
                  | head. [Xom's grace]
   282 | D:1      | Gained mutation: You are partially covered in large bone
                  | plates. (SH +4) [Xom's grace]
   489 | D:1      | Reached XP level 3. HP: 24/29 MP: 3/3
   490 | D:1      | XOM: summons 1 hostile shadow creature
   630 | D:1      | XOM: cloud trail
   633 | D:1      | XOM: divination: detect items
   859 | D:1      | XOM: god gift: phial of floods
  1184 | D:2      | Reached XP level 4. HP: 17/35 MP: 4/4
  1225 | D:2      | XOM: 1-stop teleportation journey
  1365 | D:2      | Reached skill level 1 in Stealth
  1792 | D:3      | Slain by a gnoll

Illustrated notes

Levels and vault maps discovered:
D:1:      reono_arrival_forest_river, layout_loops_corners
D:2:      layout_rooms, hex_tiny
D:3:      layout_loops_ring, general_overflow_altar, minmay_misc_feat_rugged,
          nicolae_grassy_gnolls

Skill      XL: |  1  2  3  4 |
---------------+-------------+-----
Dodging        | 1 |  1.5
Armour         | 2 |  2.1
Stealth        | 1 |  1.0
Fighting       | |  3.2
Axes           | |  3.3
Polearms       | |  0.7
Unarmed Combat | |  0.6
Spellcasting   | |  0.4
Evocations     | |  0.9

Action                     |  1- 3 |  4- 6 || total
---------------------------+-------+-------++-------
  Melee: Hand axe          |    64 |    21 ||    85
         Dagger            |    58 |    19 ||    77
         Headbutt          |     4 |     6 ||    10
    Use: Scroll            |     1 |     5 ||     6
 Armour: Leather armour    |    50 |       ||    50
         Scale mail        |       |    18 ||    18
  Dodge: Dodged            |    33 |     9 ||    42
  Block: Other             |     8 |     1 ||     9

Table legend: (Time is in decaauts)
 A = Elapsed time spent in this place.
 B = Non-inter-level travel time spent in this place.
 C = Inter-level travel time spent in this place.
 D = Time resting spent in this place.
 E = Time spent auto-exploring this place.
 F = Levels seen in this place.
 G = Mean time per level.
                   A        B        C        D        E       F      G
               +--------+--------+--------+--------+--------+-----+--------+
         Total |   1808 |   1727 |     81 |      0 |   1324 |   3 |  602.7 |
       Dungeon |   1808 |   1727 |     81 |      0 |   1324 |   3 |  602.7 |
               +--------+--------+--------+--------+--------+-----+--------+

Top non-repeatable levels by time:
     D:1: 1180 daAuts
     D:2: 488 daAuts
     D:3: 139 daAuts
